 Dungeon Crawl Stone Soup version 0.31-a0-187-gba352fbbf7 (webtiles) character file.

Game seed: 8757233042842236938

1889 qw the Skirmisher (level 8, -3/46 HPs)
             Began as a Deep Elf Hunter on June 22, 2023.
             Was an Initiate of Okawaru.
             Slain by a gnoll sergeant
             ... wielding a +4 spear of distortion
              (10 damage)
             ... on level 7 of the Dungeon.
             The game lasted 00:01:46 (5110 turns).

qw the Skirmisher (Deep Elf Hunter)                 Turns: 5110, Time: 00:01:47

Health: -3/46      AC:  9    Str: 16    XL:     8   Next: 92%
Magic:  10/10      EV: 13    Int: 15    God:    Okawaru [......]
Gold:   470        SH:  0    Dex: 18    Spells: 7/7 levels left

rFire   . . .        Y - +0 arbalest (freeze)
rCold   . . .        (shield currently unavailable)
rNeg    . . .        g - +0 ring mail
rPois   .            p - +2 helmet
rElec   .            (no cloak)
rCorr   .            (no gloves)
SInv    .            j - +0 pair of boots
Will    .....        (no amulet)
Stlth   +            n - +6 ring of strength
HPRegen 0.27/turn    (no ring)
MPRegen 0.12/turn

%: no passive effects
@: no status effects
A: no striking features
a: Renounce Religion


You were on level 7 of the Dungeon.
You worshipped Okawaru.
Okawaru was noncommittal.
You visited 2 branches of the dungeon, and saw 8 of its levels.

You collected 470 gold pieces.


   Skills:
 - Level 3.0 Fighting
 + Level 13.7 Ranged Weapons
 - Level 1.8 Armour
 - Level 5.6 Dodging
 - Level 1.2 Stealth
 - Level 0.8 Invocations


You had 7 spell levels left.
You didn't know any spells.
Your spell library was empty.

Inventory:

Hand Weapons
 Y - a +0 arbalest of freezing (weapon)
Armour
 g - a +0 ring mail (worn)
 j - a +0 pair of boots (worn)
 p - a +2 helmet (worn)
Jewellery
 d - a ring of fire
 n - a +6 ring of strength (left hand)
Scrolls
 a - a scroll of identify
Potions
 c - 2 potions of mutation
 e - a potion of cancellation
 f - a potion of haste
 h - a potion of might
 k - a potion of enlightenment {unknown}

Dungeon Overview and Level Annotations

Branches:
Dungeon (7/15)             Temple (1/1) D:5

Altars:
Ashenzari
Cheibriados
Dithmenos
Elyvilon
Fedhas
Gozag
Kikubaaqudgha
Makhleb
Okawaru
Qazlal
Ru
Sif Muna
Uskayaw
Vehumet
Wu Jian
Xom
Zin
The Shining One

Annotations:
D:3 2 transporters
D:7 exclusion: gnoll sergeant


Message History

The white imp completely misses you.
You shoot a bolt.
The bolt hits the white imp but does no damage.
The white imp barely misses you. The white imp gestures at you.
The puff of frost misses you.
You shoot a bolt. The bolt barely misses the white imp.
The white imp barely misses you.
You shoot a bolt. The bolt hits the white imp!
You kill the white imp!
Okawaru accepts your kill.
You start resting.
You feel like a meek peon again.
Magic restored.
You start resting.
HP restored.
Done exploring.
(D) Dungeon (T) Temple
Where to? (* - list waypoints, Enter - D:7, ? - help)
What level of the Dungeon? (default 1, ? - help)
You climb downwards.
There is a stone staircase leading up, spattered with blood here.
A gnoll sergeant is nearby!
You shoot a bolt.
The bolt hits the gnoll sergeant but does no damage.
The gnoll sergeant is lightly wounded.
You shoot a bolt. The bolt hits the gnoll sergeant.
The bolt freezes the gnoll sergeant.
The gnoll sergeant is moderately wounded.
The gnoll sergeant barely misses you.
You shoot a bolt. The bolt hits the gnoll sergeant!
The bolt freezes the gnoll sergeant.
The gnoll sergeant is severely wounded.
The gnoll sergeant hits you from afar with a +4 spear of distortion.
Space warps around you.
The gnoll sergeant hits you from afar with a +4 spear of distortion!
Space warps horribly around you!!
5110 ||| STAIRDANCE The gnoll sergeant hits you from afar with a +4 spear of distortion!
You die...

.[.# ..
#.$####.##
#.........
(..).....
.........
##..g....)
#..$......
#.@.......
#<........
........###
...........#
.............#
...............
.............##
..............


You could see a gnoll sergeant.

Vanquished Creatures
  A vampire (D:6)
  2 water moccasins
  A black bear (D:4)
  2 ogres
  A centaur (D:5)
  2 phantoms
  2 scorpions (D:4)
  3 hounds
  2 jellies (D:5)
  2 orc priests
  6 iguanas
  Ijyb (D:3)
  6 orc wizards
  2 sleepcaps
  Natasha (twice) (D:4)
  7 adders
  8 gnolls
  A shadow imp (D:6)
  4 white imps
  2 ufetubi
  2 worms
  6 dart slugs
  10 orcs
  6 ball pythons
  5 bats
  5 endoplasms
  2 giant cockroaches
  6 goblins
  6 hobgoblins
  2 jackals (D:2)
  9 kobolds
  4 quokkas
  2 frilled lizards
  9 rats
131 creatures vanquished.

Notes
Turn   | Place    | Note
-------+----------+-------------------------------------------
     0 | D:1      | qw the Deep Elf Hunter began the quest for the Orb.
     0 | D:1      | Reached XP level 1. HP: 12/12 MP: 3/3
     0 | D:1      | 0 ||| qw: Version: 0.3-a-9-g12657ce
     0 | D:1      | 0 ||| qw: Game counter: 2212
     0 | D:1      | 0 ||| qw: Always use a shield: true
     0 | D:1      | 0 ||| qw: God list: Okawaru
     0 | D:1      | 0 ||| qw: Allow faded altars: false
     0 | D:1      | 0 ||| qw: Do Orc after D:15 true
     0 | D:1      | 0 ||| qw: Do second Lair branch before Depths: true
     0 | D:1      | 0 ||| qw: Lair rune preference: random
     0 | D:1      | 0 ||| qw: Plans: Normal
     0 | D:1      | 0 ||| PLANNING D:1-11
   200 | D:1      | Reached skill level 6 in Ranged Weapons
   200 | D:1      | Reached XP level 2. HP: 16/16 MP: 4/4
   553 | D:1      | 553 ||| DROPPING scarf of harm.
   554 | D:1      | 554 ||| UPGRADING to +0 ring mail.
   564 | D:1      | 564 ||| DROPPING +0 leather armour.
   565 | D:1      | 565 ||| READING 3 scrolls labelled MEJOHEUROT.
   566 | D:1      | 566 ||| READING 2 scrolls of identify.
   566 | D:1      | 566 ||| IDENTIFYING clear potion
   567 | D:1      | 567 ||| DROPPING scroll of butterflies.
   909 | D:2      | Reached XP level 3. HP: 17/20 MP: 5/5
  1270 | D:2      | Reached skill level 7 in Ranged Weapons
  1317 | D:2      | 1317 ||| READING scroll labelled GAXKEUS TYCHUW.
  1322 | D:2      | 1322 ||| READING scroll labelled ESTEW JEEMMUR.
  1322 | D:2      | Identified a scroll of acquirement
  1322 | D:2      | 1322 ||| ACQUIRING +9 shortbow "Lot Dicoxa" {heavy, rElec
                  | rF- Str+5}
  1322 | D:2      | Acquired the +9 shortbow "Lot Dicoxa" {heavy, rElec rF-
                  | Str+5}
  1324 | D:2      | 1324 ||| SWAPPING to +9 shortbow "Lot Dicoxa" {heavy, rElec
                  | rF- Str+5}.
  1325 | D:2      | 1325 ||| READING 2 scrolls of identify.
  1325 | D:2      | 1325 ||| IDENTIFYING sedimented purple potion
  1361 | D:3      | Found a transporter.
  1363 | D:3      | Found a transporter.
  1437 | D:3      | Noticed Ijyb
  1439 | D:3      | Reached XP level 4. HP: 25/25 MP: 6/6
  1442 | D:3      | Killed Ijyb
  1443 | D:3      | Reached skill level 8 in Ranged Weapons
  1444 | D:3      | 1444 ||| FLEEEEING.
  1445 | D:3      | 1445 ||| FLEEEEING.
  1447 | D:3      | 1447 ||| FLEEEEING.
  1448 | D:3      | 1448 ||| FLEEEEING.
  1449 | D:3      | 1449 ||| FLEEEEING.
  1629 | D:3      | Reached XP level 5. HP: 29/29 MP: 7/7
  1670 | D:3      | Identified the +7 halberd of Saltpetre {elec, Int+2 Dex+3}
  1731 | D:3      | 1731 ||| UPGRADING to +0 pair of boots.
  1736 | D:3      | 1736 ||| UPGRADING to +6 ring of strength.
  1737 | D:3      | 1737 ||| READING scroll labelled ZEHUFU IDDASU.
  1738 | D:3      | 1738 ||| READING scroll labelled BOUBIS ESOA.
  1965 | D:4      | Found a blossoming altar of Fedhas.
  2027 | D:4      | Noticed Natasha
  2030 | D:4      | 2030 ||| FLEEEEING.
  2031 | D:4      | 2031 ||| FLEEEEING.
  2032 | D:4      | 2032 ||| FLEEEEING.
  2039 | D:4      | Killed Natasha
  2040 | D:4      | Reached skill level 9 in Ranged Weapons
  2060 | D:4      | Reached skill level 3 in Dodging
  2060 | D:4      | Reached XP level 6. HP: 25/34 MP: 8/8
  2152 | D:4      | Found a glowing silver altar of Zin.
  2547 | D:4      | Reached skill level 10 in Ranged Weapons
  2706 | D:4      | Noticed Natasha
  2709 | D:4      | Killed Natasha
  2730 | D:4      | Reached XP level 7. HP: 40/40 MP: 9/9
  2735 | D:4      | 2735 ||| UPGRADING to +2 helmet.
  2740 | D:4      | 2740 ||| READING scroll labelled KOLUWU JUELE.
  2792 | D:5      | Entered Level 5 of the Dungeon
  2804 | D:5      | Reached skill level 1 in Armour
  2874 | D:5      | 2874 ||| Stepping ~*~*~tactically~*~*~ (outnumbered).
  2876 | D:5      | 2876 ||| Stepping ~*~*~tactically~*~*~ (outnumbered).
  2902 | D:5      | Reached skill level 11 in Ranged Weapons
  3017 | D:5      | 3017 ||| SWAPPING to +0 arbalest.
  3021 | D:5      | HP: 7/40 [ogre/+0 giant club (7)]
  3022 | D:5      | 3022 ||| READING scroll of teleportation.
  3148 | D:5      | 3148 ||| DROPPING +9 shortbow "Lot Dicoxa" {heavy, rElec
                  | rF- Str+5}.
  3149 | D:5      | 3149 ||| DROPPING +0 shortbow.
  3172 | D:5      | Reached XP level 8. HP: 44/44 MP: 10/10
  3205 | D:5      | Reached skill level 12 in Ranged Weapons
  3541 | D:5      | Found a staircase to the Ecumenical Temple.
  3542 | D:5      | 3542 ||| PLANNING TEMPLE
  3542 | D:5      | 3542 ||| READING scroll labelled ROIRCH SAUTU.
  3543 | D:5      | 3543 ||| DRINKING 2 coppery potions.
  3544 | D:5      | 3544 ||| READING 3 scrolls of identify.
  3544 | D:5      | 3544 ||| IDENTIFYING dark potion
  3545 | D:5      | 3545 ||| READING 2 scrolls of identify.
  3545 | D:5      | 3545 ||| IDENTIFYING bubbling green potion
  3546 | D:5      | 3546 ||| DROPPING potion of brilliance.
  3555 | Temple   | Entered the Ecumenical Temple
  3720 | Temple   | 3720 ||| PLANNING D:1-11
  3795 | D:5      | Reached skill level 3 in Fighting
  3988 | D:5      | 3988 ||| Stepping ~*~*~tactically~*~*~ (outnumbered).
  4002 | D:5      | Found an iron altar of Okawaru.
  4003 | D:5      | 4003 ||| PLANNING OKAWARU WORSHIP
  4010 | D:5      | Became a worshipper of Warmaster Okawaru
  4011 | D:5      | 4011 ||| PLANNING D:1-11
  4075 | D:6      | 4075 ||| DRINKING 2 grey potions.
  4271 | D:6      | 4271 ||| FLEEEEING.
  4275 | D:6      | 4275 ||| FLEEEEING.
  4276 | D:6      | 4276 ||| FLEEEEING.
  4277 | D:6      | 4277 ||| FLEEEEING.
  4278 | D:6      | 4278 ||| FLEEEEING.
  4537 | D:6      | Reached skill level 13 in Ranged Weapons
  4581 | D:6      | HP: 5/46 [water moccasin (8)]
  4582 | D:6      | 4582 ||| READING scroll of teleportation.
  4582 | D:6      | HP: 1/46 [water moccasin (4)]
  4583 | D:6      | 4583 ||| DRINKING 2 potions of heal wounds.
  4585 | D:6      | 4585 ||| DRINKING potion of curing.
  4585 | D:6      | 4585 ||| (to cure poison)
  4679 | D:6      | 4679 ||| READING scroll labelled USCHAJ BUPPA.
  4680 | D:6      | 4680 ||| READING scroll labelled ODGHEALIUTS.
  4760 | D:6      | 4760 ||| READING 2 scrolls of identify.
  4760 | D:6      | 4760 ||| IDENTIFYING sedimented orange potion
  4790 | D:6      | Reached * piety under Okawaru
  4879 | D:7      | 4879 ||| STAIRDANCE
  4881 | D:6      | 4881 ||| INVOKING Heroism.
  4891 | D:6      | 4891 ||| INVOKING Heroism.
  4892 | D:6      | HP: 10/46 [gnoll/+0 whip[a gnoll sergeant] (3)]
  4892 | D:6      | HP: 4/46 [gnoll/+0 whip[a gnoll sergeant] (6)]
  4893 | D:6      | 4893 ||| DRINKING potion of heal wounds.
  4975 | D:7      | 4975 ||| STAIRDANCE
  4975 | D:7      | HP: 11/46 [gnoll sergeant/+4 spear of distortion (5)]
  4977 | D:6      | 4977 ||| INVOKING Heroism.
  5109 | D:7      | HP: 6/46 [gnoll sergeant/+4 spear of distortion (22)]
  5110 | D:7      | 5110 ||| STAIRDANCE
  5110 | D:7      | Slain by a gnoll sergeant

Levels and vault maps discovered:
D:1:      dpeg_arrival_shelter, layout_basic
D:2:      layout_loops_ring, minmay_gold_behind_fungi, minmay_rat_gold_closets
D:3:      layout_rooms, gammafunk_ghost_gnarly_gnolls,
          minmay_misc_feat_four_crosses, uniq_ijyb
D:4:      layout_loops_corners, mainiacjoe_overflow_brackets,
          fedhas_altar_fruit_tree, uniq_natasha
D:5:      wad_lake_hut, layout_basic, okawaru_altar_gauntlet_db, temple_statues
D:6:      layout_rooms, grunt_ministairs_5, minmay_misc_feat_cross,
          corexii_hall_statues_s
D:7:      layout_cave_pools, old_standard_altar
Temple:   bh_familiar_temple

Skill      XL: |  1  2  3  4  5  6  7  8 |
---------------+-------------------------+-----
Ranged Weapons | 6 7 8 9 10 11 13 | 13.7
Dodging        | 3 4 5 |  5.6
Fighting       | 2 3 |  3.0
Armour         | 1 |  1.8
Stealth        | |  1.2
Invocations    | |  0.8

Action                     |  1- 3 |  4- 6 |  7- 9 || total
---------------------------+-------+-------+-------++-------
   Fire: Shortbow          |   101 |    68 |    22 ||   191
         Arbalest          |       |       |   122 ||   122
 Invoke: Heroism           |       |       |     3 ||     3
    Use: Scroll            |     5 |     2 |     9 ||    16
         Potion            |       |       |     5 ||     5
 Armour: Leather armour    |     2 |       |       ||     2
         Ring mail         |    15 |     5 |    29 ||    49
  Dodge: Dodged            |    23 |     6 |    62 ||    91

Table legend:
 A = Non-vault XP
 B = Vault XP
 C = Vault XP percentage of total XP
 D = Non-vault monster count
 E = Vault monster count
 F = Vault count percentage of total count
                 A         B        C        D         E       F
            +---------+---------+-------+---------+---------+-------
      Total |    2278 |     421 |  15.6 |     115 |      16 |  12.2
            +---------+---------+-------+---------+---------+-------
        D:1 |      24 |       0 |   0.0 |      13 |       0 |   0.0
        D:2 |      36 |       6 |  14.3 |      12 |       6 |  33.3
        D:3 |     135 |      38 |  22.0 |      24 |       1 |   4.0
        D:4 |     481 |      35 |   6.8 |      24 |       1 |   4.0
        D:5 |     949 |      36 |   3.7 |      23 |       6 |  20.7
        D:6 |     587 |     306 |  34.3 |      16 |       2 |  11.1
        D:7 |      66 |       0 |   0.0 |       3 |       0 |   0.0
            +---------+---------+-------+---------+---------+-------
